AoeStats
← Kebabs&Roses

Arena

509958770Analyzed
4v4 RM · 3d ago on Sep 28, 2026· 15m 13s· 8 players
Game mode
Random Map
Map size
Large (8 player)
Population
200
Speed
Normal
Resources
Standard
Victory
Conquest
Starting age
Dark Age
Ending age
Imperial Age
RankedLock teamsTeams togetherTeam positionsShared explorationLock speedFull tech treeHidden civsTurbo modeCheats
Victory
Defeat
🇦🇷 Gurjaras · Argentina
1108
+16
🇺🇸 Teutons · United States
1081
+17
🇨🇳 Poles · China
1056
+18
🇲🇽 Maya · Mexico
1023
+18
🇫🇷 Saxons · France
1116
-18
🇹🇷 Tatars · Türkiye
1103
-18
🇩🇪 Huns · Germany
1097
-17
🇸🇪 Franks · Sweden
1072
-16
Lynx77
10:38 Feudal Age
10:55 Loom
15:10 Castle Age
gombert.alexandre
0:48 Loom
13:00 Feudal Age
13:30 Double-Bit Axe
Kebabs&Roses
10:24 Feudal Age
11:49 Double-Bit Axe
14:29 Castle Age
12:44 Horse Collar
Dr. LapuLapu
11:49 Feudal Age
10:23 Loom
octavio
0:26 Loom
9:32 Feudal Age
MFN Dragon
11:47 Feudal Age
13:53 Loom
16:34 Castle Age
Spartan
1:01 Loom
11:43 Feudal Age
17:03 Castle Age
大汉忠臣曹孟德
6:06 Loom
8:47 Feudal Age
9:36 Double-Bit Axe
11:13 Fletching
Connection lost

Rejoining the realm…

Still unreachable

The connection could not be restored.

Session expired

The server has moved on; the page needs a fresh start.